 Dungeon Crawl Stone Soup version 0.25.1-9-gc5326a611f (webtiles) character file.

Game seed: 6742066216332673798

175 Destapler the Insei (level 5, 0/34 HPs)
             Began as an Octopode Transmuter on Jan 4, 2021.
             Splashed by a jelly's acid (9 damage)
             ... on level 5 of the Dungeon.
             The game lasted 00:10:25 (3783 turns).

Destapler the Insei (Octopode Transmuter)           Turns: 3783, Time: 00:10:25

Health: 0/34       AC:  1    Str: 10    XL:     5   Next: 55%
Magic:  16/17      EV: 29    Int: 16    God:
Gold:   182        SH:  0    Dex: 18    Spells: 5/9 levels left

rFire    . . .     SeeInvis .   g - +0 dagger (curse)
rCold    . . .     Gourm    .   (no shield)
rNeg     . . .     Faith    .   (helmet restricted)
rPois    .         Spirit   .   f - amulet of the acrobat
rElec    .         Reflect  .   h - +6 ring of dexterity
rCorr    .         Harm     .   n - ring of magical power
MR       .....                  (no ring)
Stlth    +++.......             (no ring)
HPRegen  0.11/turn              (no ring)
MPRegen  0.15/turn              (no ring)
                                (no ring)
                                (no ring)

@: acrobat, very slightly contaminated
A: almost no armour, stealthy swim, amphibious, 8 rings, constrict 8, camouflage
1, gelatinous body 1
a: no special abilities


You were on level 5 of the Dungeon.
You were hungry.

You visited 1 branch of the dungeon, and saw 5 of its levels.

You collected 182 gold pieces.

Inventory:

Hand Weapons
 g - a cursed +0 dagger (weapon)
 j - a +3 short sword of draining
Missiles
 a - 98 arrows
 e - 10 poisoned darts (quivered)
 p - 8 javelins
Jewellery
 f - an amulet of the acrobat (around mantle)
 h - a +6 ring of dexterity (left tentacle)
 n - a ring of magical power (right tentacle)
Scrolls
 b - a scroll of remove curse {unknown}
 d - 4 scrolls of identify
 o - a scroll of immolation {unknown}
 q - a scroll of enchant weapon
Potions
 i - a potion of haste
 k - 2 potions of flight {unknown}
 m - 2 potions of curing
Comestibles
 c - 7 rations


   Skills:
 + Level 2.1 Fighting
 + Level 2.8 Dodging
 + Level 2.0 Stealth
 + Level 3.6 Unarmed Combat
 + Level 2.6 Spellcasting
 + Level 2.9 Transmutations
 + Level 1.6 Poison Magic


You had 5 spell levels left.
You knew the following spells:

 Your Spells              Type           Power        Failure   Level  Hunger
a - Beastly Appendage     Tmut           ##....       6%          1    #......
b - Spider Form           Tmut/Pois      #.........   22%         3    ###....

Your spell library contained the following spells:

 Spells                   Type           Power        Failure   Level  Hunger
 Sticks to Snakes         Tmut           ##......     9%          2    ##.....
 Ice Form                 Ice/Tmut       #.......     71%         4    #####..
 Blade Hands              Tmut           ##........   85%         5    ######.


Dungeon Overview and Level Annotations

Branches:
Dungeon (4/15)
 Temple: D:4-7

Altars:
Ashenzari
Elyvilon

Annotations:
D:4 1 runed translucent door


Innate Abilities, Weirdness & Mutations

You cannot wear most types of armour.
You are very stealthy in the water. (Stealth+)
You are amphibious.
You can wear up to eight rings at the same time.
You can use your tentacles to constrict eight enemies at once.
Your skin changes colour to match your surroundings (Stealth+).
Your rubbery body absorbs attacks. (AC +1, EV +1)


Message History

You hear some strange, mumbled words.
A puff of flame appears from out of thin air!
The puff of flame hits you!
* * * LOW HITPOINT WARNING * * *
The necrophage closely misses you.
Blink to where?
Press: ? - help, Dir - move target cursor You lose your grip on something.
As you read the scroll labeled USTELE LESAFOM, it crumbles to dust.
It was a scroll of blinking.
Your transformation is almost over.
A jelly comes into view.
Your tentacle spike disappears.
The jelly quivers.
Something hits you but does no damage.
Found a stone staircase leading up.
The jelly hits you.
* * * LOW HITPOINT WARNING * * *
You are splashed with acid!
You die...

.##..... h. .#<....
o .....# ..
.####....######
⌠.##+#..⌠#.........
......... .......
## #.......# #..J#
. #.......# #@.#
+..._...+ #{.#
#.......# #..#
####.......#####.##
..#....o....#....#
Z.#⌠.##+#..⌠#..###
..####...#..#.##
....[..).#....#
.....#...#..###


You could see a jelly.

Vanquished Creatures
  A worker ant (D:5)
  3 adders
  2 gnolls (D:5)
  An ooze (D:1)
  A worm (D:2)
  4 dart slugs
  3 leopard geckos
  4 orcs (D:3)
  4 giant cockroaches
  9 goblins
  10 hobgoblins
  8 jackals
  3 quokkas
  A ball python (D:2)
  7 bats
  2 frilled lizards
  8 kobolds
  4 rats
75 creatures vanquished.

Notes
Turn   | Place    | Note
-------+----------+-------------------------------------------
     0 | D:1      | Destapler the Octopode Transmuter began the quest for the
                  | Orb.
     0 | D:1      | Reached XP level 1. HP: 13/13 MP: 3/3
   280 | D:1      | Reached XP level 2. HP: 14/18 MP: 3/5
   775 | D:1      | Reached XP level 3. HP: 21/23 MP: 4/6
   780 | D:1      | Learned a level 3 spell: Spider Form
  1698 | D:2      | Reached XP level 4. HP: 11/29 MP: 7/7
  1853 | D:2      | Reached skill level 1 in Stealth
  2175 | D:2      | Reached skill level 1 in Poison Magic
  2888 | D:3      | Reached XP level 5. HP: 29/34 MP: 8/8
  3659 | D:4      | Noticed an angel
  3667 | D:4      | Found a white marble altar of Elyvilon.
  3668 | D:4      | Found a runed translucent door.
  3718 | D:4      | You fall into a shaft and drop 1 floor!
  3718 | D:5      | Entered Level 5 of the Dungeon
  3718 | D:5      | Found a shattered altar of Ashenzari.
  3747 | D:5      | Noticed a necrophage
  3761 | D:5      | HP: 1/34 [bullfrog skeleton (5)]
  3783 | D:5      | Splashed by a jelly's acid

Illustrated notes

Levels and vault maps discovered:
D:1:      psy_arrival_basics, layout_loops_ring
D:2:      layout_basic, first_ration
D:3:      layout_basic
D:4:      layout_gridville, serial_shops, shop, solitary_fountain,
          lemuel_angel_altar
D:5:      layout_layer_cave, lemuel_crystal_altar, serial_park_tiny_2,
          kennysheep_path_1, evilmike_ruin_ashenzari

Skill      XL: |  1  2  3  4  5 |
---------------+----------------+-----
Stealth        | 1 2 |  2.0
Poison Magic   | 1 |  1.6
Fighting       | 2 |  2.1
Dodging        | |  2.8
Unarmed Combat | |  3.6
Spellcasting   | |  2.6
Transmutations | |  2.9

Action                   |  1- 3 |  4- 6 || total
-------------------------+-------+-------++-------
Melee: Unarmed           |    29 |    14 ||    43
       Constrict         |    21 |    27 ||    48
       Kick              |    18 |    27 ||    45
       Tentacles         |    13 |    15 ||    28
       Dagger            |    44 |    78 ||   122
       Punch             |     1 |     4 ||     5
 Cast: Beastly Appendage |    19 |    19 ||    38
       Spider Form       |       |     1 ||     1
  Use: Scroll            |     4 |     2 ||     6
       Potion            |       |     2 ||     2
 Stab: Sleeping          |     2 |     8 ||    10
  Eat: Chunk             |     3 |     6 ||     9
Armor: Skin              |    10 |     5 ||    15
Dodge: Dodged            |    47 |    78 ||   125
